 Dungeon Crawl Stone Soup version 0.27.1-33-g824d729ab1 (webtiles) character file.

Game seed: 8253070429388552061

315 comborobin the Skirmisher (level 6, -8/54 HPs)
             Began as a Palentonga Delver on Dec 27, 2021.
             Mangled by a wyvern zombie (12 damage)
             ... on level 5 of the Dungeon.
             The game lasted 00:03:51 (2686 turns).

comborobin the Skirmisher (Palentonga Delver)       Turns: 2686, Time: 00:03:52

Health: -8/54      AC:  7    Str: 15    XL:     6   Next: 19%
Magic:  6/6        EV:  9    Int: 13    God:
Gold:   104        SH:  0    Dex: 11    Spells: 5/5 levels left

rFire    + . .     SeeInvis +     - Unarmed
rCold    + . .     Faith    .   (no shield)
rNeg     . . .     Spirit   .   n - +2 robe {rC+ rF+}
rPois    .         Reflect  .   (no helmet)
rElec    .         Harm     .   (no cloak)
rCorr    .         Rampage  .   g - +0 pair of gloves
Will     .....                  (no barding)
Stlth    ++........             (no amulet)
HPRegen  0.18/turn              (no ring)
MPRegen  0.10/turn              (no ring)

@: no status effects
A: large, rugged brown scales 3, see invisible, deformed body, roll 1, armoured
tail
a: Rolling Charge


You were on level 5 of the Dungeon.
You visited 1 branch of the dungeon, and saw 5 of its levels.

You collected 104 gold pieces.

Inventory:

Armour
 a - a +0 leather armour
 g - a +0 pair of gloves (worn)
 n - a +2 robe of resistance (worn)
Wands
 f - a wand of digging (1)
Scrolls
 b - a scroll of fog
 c - a scroll of magic mapping
 d - a scroll of fear
 e - 3 scrolls of identify {unknown}
 i - a scroll of noise {unknown}
 j - a scroll of teleportation {unknown}
 l - a scroll of vulnerability {unknown}
 m - 2 scrolls of enchant armour {unknown}


   Skills:
 + Level 5.2 Fighting
 - Level 1.5 Dodging
 - Level 3.3 Stealth
 - Level 5.0 Unarmed Combat


You had 5 spell levels left.
You didn't know any spells.
Your spell library contained the following spells:

 Spells                   Type           Power      Damage    Failure   Level
 Blade Hands              Tmut           0%         N/A       100%        5
 Irradiate                Conj/Tmut      0%         3d13      100%        5
 Dragon Form              Tmut           0%         N/A       100%        7


Dungeon Overview and Level Annotations

Branches:
Dungeon (6/15)
 Temple: D:4-7

Altars:

Annotations:
D:3 Sigmund


Innate Abilities, Weirdness & Mutations

You are completely covered in rugged brown scales. (AC +3, +7% HP)
You have supernaturally acute eyesight. (SInv)
Armour fits poorly on your strangely shaped body.
You can roll at nearby foes to attack.
You have a long armoured tail.


Message History

The wyvern zombie is lightly damaged.
The wyvern zombie bites you!
You hit the wyvern zombie.
The wyvern zombie is moderately damaged.
The wyvern zombie bites you.
You hit the wyvern zombie but do no damage.
You tail-slap the wyvern zombie, but do no damage.
The wyvern zombie is moderately damaged.
The wyvern zombie bites you.
You punch the wyvern zombie!
The wyvern zombie is heavily damaged.
The wyvern zombie closely misses you. The wyvern zombie bites you!
You hit the wyvern zombie.
The wyvern zombie is heavily damaged.
The wyvern zombie barely misses you.
You hit the wyvern zombie but do no damage.
Your tail-slap misses the wyvern zombie.
The wyvern zombie is heavily damaged.
The wyvern zombie bites you but does no damage.
You punch the wyvern zombie!
The wyvern zombie is severely damaged.
The wyvern zombie bites you.
* * * LOW HITPOINT WARNING * * *
You punch the wyvern zombie!
The wyvern zombie is almost destroyed.
The wyvern zombie bites you!
* * * LOW HITPOINT WARNING * * *
It was a potion of cancellation.
You feel magically purged.
The wyvern zombie bites you but does no damage.
The wyvern zombie bites you.
* * * LOW HITPOINT WARNING * * *
It was a potion of magic.
Magic courses through your body. The wyvern zombie barely misses you.
You barely miss the wyvern zombie.
The wyvern zombie is almost destroyed.
The wyvern zombie bites you but does no damage.
You hit the wyvern zombie but do no damage.
The wyvern zombie is almost destroyed.
The wyvern zombie bites you!
You die...

..J..........
..#........... #.....
..#...........###....# ...
###..#...............#....
####.#...............#...
.JZ....................#
.......................#.#
................Z........#
.....#..........@......#
.....#.>..########.#...#
.....##...# #.#####
.....##...# #.....#
.....###### ###.#.# ######
#..<# #.### #. #


You could see a wyvern zombie.

Vanquished Creatures
  Eustachio (D:4)
  A water moccasin skeleton (D:5)
  A jelly (D:6)
  A bullfrog skeleton (D:5)
  2 adders
  An adder skeleton (D:4)
  A worm (D:2)
  8 orcs
  3 ball pythons
  2 bats (D:2)
  4 endoplasms
  2 giant cockroaches (D:4)
  3 goblins
  2 hobgoblins (D:2)
  5 jackals
  A quokka (D:2)
  A frilled lizard (D:2)
  2 rats (D:3)
41 creatures vanquished.

Notes
Turn   | Place    | Note
-------+----------+-------------------------------------------
     0 | D:5      | comborobin the Palentonga Delver began the quest for the
                  | Orb.
     0 | D:5      | Reached XP level 1. HP: 19/19 MP: 1/1
    12 | D:5      | Reached XP level 2. HP: 17/25 MP: 2/2
   101 | D:5      | Reached XP level 3. HP: 3/31 MP: 3/3
   101 | D:5      | Reached XP level 4. HP: 4/37 MP: 4/4
   433 | D:5      | Noticed a sky beast
   672 | D:4      | Noticed Eustachio
   908 | D:3      | Reached skill level 5 in Unarmed Combat
  1293 | D:3      | Noticed Sigmund
  1396 | D:2      | Reached XP level 5. HP: 43/43 MP: 5/5
  1683 | D:2      | HP: 2/44 [orc (8)]
  2353 | D:4      | Killed Eustachio
  2354 | D:4      | Reached skill level 5 in Fighting
  2354 | D:4      | Reached XP level 6. HP: 29/54 MP: 6/6
  2686 | D:5      | Mangled by a wyvern zombie

Illustrated notes

Levels and vault maps discovered:
D:2:      minmay_diamond_boxcup, layout_loops_ring
D:3:      layout_rooms, grunt_decor_fettered, serial_bayou_lagoon_b,
          uniq_sigmund
D:4:      layout_loops_cross, mainiacjoe_overflow_alcove_4, serial_shops,
          kennysheep_little_box, uniq_eustachio, uniq_crazy_yiuf_cottage
D:5:      layout_basic, goddamned_bats
D:6:      layout_cave_pods, mainiacjoe_overflow_24_doors,
          minmay_temple_entry_slanted, kennysheep_generic_room_7

Skill      XL: |  1  2  3  4  5 |
---------------+----------------+-----
Unarmed Combat | 3 4 5 |  5.0
Fighting       | 5 |  5.2
Dodging        | |  1.5
Stealth        | |  3.3

Action                   |  1- 3 |  4- 6 || total
-------------------------+-------+-------++-------
Melee: Unarmed           |    22 |   166 ||   188
       Tailslap          |     5 |    20 ||    25
       Punch             |       |     3 ||     3
Evoke: Wand              |       |     2 ||     2
  Use: Potion            |     1 |     2 ||     3
 Stab: Sleeping          |       |     5 ||     5
Armor: Leather armour    |     4 |    51 ||    55
       Robe              |       |     6 ||     6
Dodge: Dodged            |     7 |    83 ||    90
